Match 45515954
Unlisted

Match 45515954
End
Panzergrenadier Squad
250 Light Carrier
Panzergrenadier Squad
Construct Light Support Kompanie
Fire Support Elements
MG34 Team
Flakvierling Half-track
Panzerjäger Mechanized Group
Construct Panzerarmee Kommand
Combat Half-tracks
Walking Stuka Rocket Launcher
Vehicle Survival Package
Veteran Squad Leaders
Panzerjäger Mechanized Group
Selects Panzerjäger Kommand Battlegroup
Selects Mine Fields
Panzer III L Medium Tank
Selects Defensive Positions
Selects Butterfly Bomb Drop
Armored Reserves
Butterfly Bomb Drop
Selects Tank Busters
Selects Crew Shock Tactics
Emergency Repair Kits
Tungsten Core Ammunition
Tiger Heavy Tank
Rapid Advance
Butterfly Bomb Drop
Panzerpioneer Squad
Construct Mechanized Kompanie
Selects Elefant Tank Destroyer
Advanced Field Repairs
Forward Retreat Point
Butterfly Bomb Drop
Elefant Tank Destroyer
Butterfly Bomb Drop
Bartolomaeus Bart
[PD] Ducktus
WhyUSayOMG
Nico-Nico-Nii~~
RYUBONZHA
Door
HolmViking
鲨鱼辣椒
0
0

Comments sign in to comment!

No comments posted yet!